Cogmind - Beta 13 @@@ ROGUE MODE // 2024.04.07 @ 18:23:35 Player: gabr Result: Destroyed by G-47 Trooper with Particle Gun Performance ------------- Evolutions (2) 1000 Regions Visited (3) 600 Robots Destroyed (69) 345 Value Destroyed (1418) 1418 Prototype IDs (2) 40 Alien Tech Used (0) 0 Bonus (0) 0 TOTAL SCORE: 3403 Bonus ------- None Cogmind --------- Core Integrity 0/550 Matter 260/300 Energy 102/125 System Corruption 16% Temperature Danger (452) Movement Rolling (95) Ox1 Location -8/Materials Parts ------- > --- POWER (1) -------- Light Ion Engine > --- PROPULSION (4) --- Wheel Wheel > --- UTILITY (4) ------ Large Storage Unit Advanced Targeting Computer Advanced Targeting Computer Target Analyzer > --- WEAPON (2) ------- Field Laser Field Laser > --- INVENTORY (15) --- Light Nuclear Core Light Nuclear Core Heat Sink Light Armor Plating Beam Rifle Field Laser Heavy Particle Cannon Improved Assault Rifle Improved Assault Rifle Improved Grenade Launcher Improved Grenade Launcher Welding Torch Peak State ------------ > --- POWER ------------ Improved Ion Engine > --- PROPULSION ------- Wheel Wheel Wheel Armored Wheel > --- UTILITY ---------- Large Storage Unit Target Analyzer Target Analyzer Improved Light Armor Plating > --- WEAPON ----------- Beam Rifle Gauss Rifle > --- INVENTORY -------- Light Ion Engine Light Nuclear Core Light Nuclear Core Wheel Wheel Heat Sink Light Armor Plating Beam Rifle Field Laser Heavy Particle Cannon Improved Assault Rifle Improved Assault Rifle Improved Grenade Launcher Improved Grenade Launcher Welding Torch [Rating: 26] Favorites ----------- Power Ion Engine Engine Ion Engine Power Core Light Nuclear Core Propulsion Wheel Leg Aluminum Leg Wheel Wheel Flight Unit Flight Unit Utility Tractor Beam Device Tractor Beam Storage Large Storage Unit Processor Target Analyzer Protection Light Armor Plating Weapon Field Laser Energy Gun Field Laser Energy Cannon Advanced Beam Cannon Ballistic Gun Gauss Rifle Ballistic Cannon Improved Light Cannon Launcher Grenade Launcher Special Weapon Mining Laser Slashing Weapon Mining Claw Build | -11 -10 -9 -8 ------- Run | Yrd Mat Mat Mat Slots Evolved 4 | . . 2 2 Power . | . . . . Propulsion 2 | . . 2 . Utility 2 | . . . 2 Weapon . | . . . . Parts Attached 101 | 13 12 18 58 Power 15 | 3 3 2 7 Engine 14 | 3 3 2 6 Core 1 | . . . 1 Reactor . | . . . . Propulsion 36 | 4 4 7 21 Treads . | . . . . Leg 13 | 2 2 5 4 Wheel 21 | 2 2 . 17 Hover . | . . . . Flight 2 | . . 2 . Utility 27 | 4 3 2 18 Device 11 | 2 2 . 7 Storage 4 | 2 . 1 1 Processor 6 | . . 1 5 Hackware . | . . . . Protection 6 | . 1 . 5 Artifact . | . . . . Weapon 23 | 2 2 7 12 Energy Gun 11 | 1 1 2 7 Energy Cannon 1 | . . 1 . Ballistic Gun 6 | 1 . 2 3 Ballistic Cannon 1 | . . . 1 Launcher 2 | . . 1 1 Special Weapon 1 | . 1 . . Impact Weapon . | . . . . Slashing Weapon 1 | . . 1 . Piercing Weapon . | . . . . Special Melee Weapon . | . . . . Unidentified Prototypes 2 | . . 2 . Parts Lost 31 | . . 5 26 Power 5 | . . 1 4 Propulsion 11 | . . 2 9 Utility 7 | . . . 7 Weapon 8 | . . 2 6 Highest Loss Streak 18 | . . 4 18 To Critical Strikes . | . . . . Average Slot Usage (%) 92 | . 100 90 90 Engine 9 | . 14 10 6 Leg 14 | . 19 31 4 Wheel 17 | . 8 3 27 Device 7 | . 10 . 9 Storage 10 | . 14 11 9 Processor 6 | . . 10 7 Protection 4 | . 3 . 6 Energy Gun 9 | . 14 10 7 Ballistic Gun 7 | . 10 3 7 Ballistic Cannon 1 | . . . 2 Special Weapon 1 | . 3 . . Naked Turns . | . . . . Heaviest Build 42 | 14 15 31 42 Greatest Support 48 | 26 20 40 48 Greatest Overweight (x) 9 | 1 . 1 9 Average Overweight (x) . | . . . . Largest Inventory Capacity 15 | 8 8 15 15 Average Capacity 11 | 7 8 8 15 Most Carried 15 | 8 8 13 15 Average Carried 10 | 5 7 8 13 Final Capacity 15 | 8 8 15 15 Final Carried 13 | 8 8 13 12 Class Distribution -------------------- 74% | Scavenger-Mutant 25% | Mutant Dominant Class ---------------- Scavenger-Mutant | -10/Materials Scavenger-Mutant | -9/Materials Scavenger-Mutant | -8/Materials Resources | -11 -10 -9 -8 ----------- Run | Yrd Mat Mat Mat Matter Collected 1557 | 349 124 264 820 Remotely 836 | 235 72 . 529 Salvage Created 2313 | 132 283 556 1342 Parts 145 | 13 16 39 77 Haulers Intercepted 5 | . 1 3 1 Recyclers Shooed 2 | . . . 2 Parts Field Recycled . | . . . . Retrieved Matter . | . . . . Parts Self-Destructed . | . . . . Prevented . | . . . . Kills | -11 -10 -9 -8 ------- Run | Yrd Mat Mat Mat Combat Hostiles Destroyed 39 | . 6 15 18 Melee 2 | . . 2 . Guns 29 | . 5 8 16 Cannons 2 | . 1 1 . AOE 5 | . . 4 1 Classes Destroyed 11 | 3 3 2 3 Worker 10 | 1 . 1 8 Builder 4 | . . . 4 Tunneler 4 | 2 1 . 1 Hauler 5 | . 1 3 1 Recycler 5 | 1 1 . 3 Watcher 2 | . . 1 1 Swarmer 13 | . 3 8 2 Grunt 16 | . 3 5 8 Brawler 1 | . . . 1 Sentry 7 | . . 2 5 Hunter 2 | . . . 2 Best Kill Streak 7 | 2 6 7 5 Combat Bots Only 6 | . 5 6 3 Max Kills in Single Turn 4 | 1 1 4 1 Gunslinging . | . . . . Exploded 3 | . . 3 1 Melee 1 | . . 1 . Uniques/NPCs Destroyed . | . . . . Combat | -11 -10 -9 -8 -------- Run | Yrd Mat Mat Mat Hostile Shots Fired 305 | . 24 82 199 Missed 73 | . 3 23 47 Damage Taken 3604 | . 194 706 2704 Core 774 | . 41 176 557 Absorbed by Shields 61 | . . . 61 Redirected to Shielding 52 | . . . 52 Core Remaining (%) 79 | 100 83 56 . Volleys Fired 209 | 19 36 47 107 Largest 2 | 2 2 2 2 Hottest 150 | 70 150 126 126 Shots Fired 360 | 28 72 70 190 Gun 337 | 28 71 51 187 Cannon 14 | . . 14 . Launcher 8 | . . 5 3 Special 1 | . 1 . . Kinetic 142 | 19 35 15 73 Thermal 210 | 9 37 50 114 Explosive 8 | . . 5 3 Electromagnetic . | . . . . Robot Hit Streak 18 | 7 5 9 18 Robot Miss Streak 6 | 1 6 4 3 Penetration Max 1 | . . . 1 Secondary Targets . | . . . . Shots Hit Robots 230 | 20 36 41 133 Core Hits 107 | 8 14 25 60 Critical Kills . | . . . . Critical Parts Destroyed 4 | . . . 4 Critical Strikes 12 | . . . 12 Burn 7 | . . . 7 Destroy 5 | . . . 5 Melee Attacks 6 | . . 6 . Impact . | . . . . Slashing 6 | . . 6 . Piercing . | . . . . Sneak Attacks 1 | . . 1 . Combat Hostiles . | . . . . Follow-up Attacks . | . . . . Damage Inflicted 4080 | 176 409 1049 2446 Guns 3425 | 176 385 521 2343 Cannons 104 | . . 104 . Explosions 403 | . . 306 97 Melee 118 | . . 118 . Ramming 6 | . . . 6 Kinetic 1519 | 127 147 172 1073 Thermal 2034 | 49 262 453 1270 Explosive 403 | . . 306 97 Electromagnetic . | . . . . Impact . | . . . . Slashing 118 | . . 118 . Piercing . | . . . . Highest Corruption 16 | . . . 16 Average Corruption 15 | . . . 15 Corruption Purged . | . . . . Corruption Blocked . | . . . . Effects 62 | . . . 62 Message Errors 10 | . . . 10 Matter Fused 11 | . . . 11 Heat Flow Errors 10 | . . . 10 Energy Discharges 5 | . . . 5 Parts Rejected 1 | . . . 1 Parts Fused 1 | . . . 1 Data Loss (minor) 8 | . . . 8 Data Loss (major) 3 | . . . 3 Misfires 1 | . . . 1 Alerts 1 | . . . 1 Misdirections 1 | . . . 1 Weapon Failures 10 | . . . 10 Overload Shots . | . . . . Overflow Damage 29 | . . 8 21 Projectiles . | . . . . Explosions 21 | . . . 21 Melee 8 | . . 8 . Knockbacks . | . . . . Impact . | . . . . Kinetic . | . . . . Secondary . | . . . . Self-Inflicted Damage 93 | . . 5 88 Shots 4 | . . 1 3 Rammed . | . . . . Targets Rammed 3 | . . . 3 Kicked 3 | . . . 3 Crushed . | . . . . Highest Temperature 443 | 120 292 263 443 Average Temperature 80 | 59 104 73 77 Received Heat Transfer 979 | . 54 264 661 Effects 4 | . 1 3 . Energy Bleed 1 | . 1 . . Interference 3 | . . 3 . Siege Activations . | . . . . Robots Corrupted . | . . . . Combat Hostiles . | . . . . Parts Fried . | . . . . Impact Corruptions . | . . . . Robots Melted 1 | . . . 1 Combat Hostiles 1 | . . . 1 Parts Melted 16 | . 1 3 12 Heat Transferred 5415 | 148 753 1073 3441 Parts Sabotaged . | . . . . Parts Stolen . | . . . . Parts Stripped . | . . . . Power Chain Reactions . | . . . . Alert | -11 -10 -9 -8 ------- Run | Yrd Mat Mat Mat Peak Influence 364 | 20 166 364 288 Initial 99 | . 13 12 99 Average 121 | 11 72 198 123 Maximum Alert Level 1 | . . 1 1 Low Security (%) 81 | 100 100 51 84 Level 1 18 | . . 48 15 Level 2 . | . . . . Level 3 . | . . . . Level 4 . | . . . . Level 5 . | . . . . High Security . | . . . . Max Security . | . . . . Squads Dispatched 6 | . 1 1 4 Investigation 1 | . . . 1 Extermination . | . . . . Reinforcement 5 | . 1 1 3 Assault . | . . . . Garrison . | . . . . Intercept . | . . . . Searches Triggered . | . . . . Construction Impeded 1 | . . . 1 Haulers Reinforced . | . . . . Active Scanning Responses . | . . . . Cargo Convoy Interrupts . | . . . . Stealth | -11 -10 -9 -8 --------- Run | Yrd Mat Mat Mat Distress Signals 3 | . . 1 2 Communications Jammed . | . . . . Distress Signals . | . . . . Times Spotted 66 | . 14 20 32 Peak Tracking Total 10 | . 5 6 10 Tactical Retreats 4 | . . . 4 Traps | -11 -10 -9 -8 ------- Run | Yrd Mat Mat Mat Traps Triggered 2 | . . . 2 Indirectly . | . . . . Trap Hack Attempts . | . . . . Triggered . | . . . . Disarmed . | . . . . Reprogrammed . | . . . . Reused . | . . . . Traps Extracted . | . . . . Installed . | . . . . Triggered . | . . . . Machines | -11 -10 -9 -8 ---------- Run | Yrd Mat Mat Mat Machines Disabled 4 | . . . 4 Max in Single Turn 2 | . . . 2 Machines Repaired . | . . . . Machines Dismantled . | . . . . Machines Sabotaged . | . . . . Overloaded Fab Kills . | . . . . Hacking | -11 -10 -9 -8 --------- Run | Yrd Mat Mat Mat Machines Accessed 6 | . 2 . 4 Terminals 5 | . 2 . 3 Fabricators . | . . . . Repair Stations 1 | . . . 1 Recycling Units . | . . . . Scanalyzers . | . . . . Garrison Access . | . . . . Total Hacks 14 | . 5 . 9 Successful 4 | . 2 . 2 Failed 10 | . 3 . 7 Catastrophic 3 | . 1 . 2 Database Lockouts . | . . . . Manual 7 | . 3 . 4 Terminals 10 | . 5 . 5 Fabricators . | . . . . Repair Stations 4 | . . . 4 Recycling Units . | . . . . Scanalyzers . | . . . . Garrison Access . | . . . . Terminal Hacks 3 | . 2 . 1 Unreport Threat 2 | . 1 . 1 Zone Layout 1 | . 1 . . Fabricator Hacks . | . . . . Repair Station Hacks 1 | . . . 1 Scan Component 1 | . . . 1 Recycling Unit Hacks . | . . . . Scanalyzer . | . . . . Garrison Access Hacks . | . . . . Unauthorized Hacks . | . . . . Terminals . | . . . . Fabricators . | . . . . Repair Stations . | . . . . Recycling Units . | . . . . Scanalyzers . | . . . . Garrison Access . | . . . . Data Cores Recovered . | . . . . Used . | . . . . Hacking Detections 6 | . 2 . 4 Full Trace Events 1 | . 1 . . Feedback Events . | . . . . Feedback Blocked . | . . . . Robot Schematics Acquired . | . . . . Robots Built . | . . . . Authchips . | . . . . Time . | . . . . Total Robot Build Rating . | . . . . Part Schematics Acquired . | . . . . Parts Built . | . . . . Authchips . | . . . . Time . | . . . . Total Part Build Rating . | . . . . Parts Repaired . | . . . . Time . | . . . . Parts Recycled . | . . . . Recycled Matter . | . . . . Retrieved Matter . | . . . . Retrieved Components . | . . . . Parts Scanalyzed . | . . . . Part Schematics Acquired . | . . . . Parts Damaged . | . . . . Bothacking | -11 -10 -9 -8 ------------ Run | Yrd Mat Mat Mat Used RIF Installer . | . . . . Robots Hacked . | . . . . Non-combat . | . . . . Combat . | . . . . Robot Hacks Applied . | . . . . Relay Couplers Released . | . . . . Fabnet Peak Effective % . | . . . . Robots Rewired . | . . . . Allies Hacked . | . . . . Hacks Repelled . | . . . . Allies | -11 -10 -9 -8 -------- Run | Yrd Mat Mat Mat Total Allies . | . . . . Largest Group . | . . . . Highest-Rated Group . | . . . . Highest-Rated Ally . | . . . . Total Orders . | . . . . Ally Attacks . | . . . . Total Damage . | . . . . Kills . | . . . . Allies Corrupted . | . . . . Allies Melted . | . . . . Intel | -11 -10 -9 -8 ------- Run | Yrd Mat Mat Mat Robot Analysis Total . | . . . . Derelict Logs Recovered . | . . . . Drone Launches . | . . . . Drone Recoveries . | . . . . Exploration | -11 -10 -9 -8 ------------- Run | Yrd Mat Mat Mat Turns Passed 2830 | 187 618 646 1379 Spaces Moved 1424 | 105 283 383 653 Core 12 | 4 . . 8 Treads . | . . . . Legs 625 | 61 156 347 61 Wheels 787 | 40 127 36 584 Hover . | . . . . Flight . | . . . . Fastest Speed 50 | 50 80 80 80 Average Speed 103 | 106 102 119 95 Slowest Speed 500 | 190 120 190 500 Overloaded Moves . | . . . . Propulsion Burnouts . | . . . . Robots Hopped . | . . . . Cave-ins Triggered . | . . . . Exploration Rate (%) 30 | 6 41 30 46 Regions Visited 3 Branch Regions . Pre-discovered Areas . | . . . . Known Exits Taken . | . . . . Unknown Exits Taken 3 | 1 1 1 . Scrap Searched . | . . . . Spaces Dug . | . . . . Terrain Destroyed 58 | . . 31 27 Melee . | . . . . Projectile 2 | . . . 2 AOE 55 | . . 31 24 Terrain Rammed . | . . . . Walls Destroyed . | . . . . Machines Disabled . | . . . . Actions | -11 -10 -9 -8 --------- Run | Yrd Mat Mat Mat Total 2421 | 161 551 495 1214 Wait 545 | 2 193 10 340 Move 1421 | 104 282 382 653 Hop . | . . . . Pick Up 50 | 11 9 13 17 Fast Attach 54 | 10 4 14 26 Attach 18 | . 1 2 15 Detach 11 | 3 . 2 6 Swap 29 | 3 7 2 17 Drop 74 | 9 19 17 29 Fire 209 | 19 36 47 107 Melee 6 | . . 6 . Ram 1 | . . . 1 Kick 3 | . . . 3 Crush . | . . . . Escape Stasis . | . . . . Rewire . | . . . . Trap . | . . . . Miscellaneous . | . . . . Route ------- -11/Scrapyard -10/Materials -9/Materials -8/Materials History --------- Turn | Location | Event 31 | -11/Scrapyard | Discovered new exit (range 16) 188 | -11/Scrapyard | Entered Materials 312 | -10/Materials | Build established: Mutant 681 | -10/Materials | Build established: Scavenger-Mutant 747 | -10/Materials | Discovered new exit (range 5) 806 | -10/Materials | Entered another Materials area 806 | -9/Materials | Evolved 2 slots: Propulsion x2 916 | -9/Materials | Lost 4 parts (1p1n2w) 1410 | -9/Materials | Discovered new exit (range 16) 1452 | -9/Materials | Entered another Materials area 1452 | -8/Materials | Evolved 2 slots: Utility x2 1544 | -8/Materials | System corruption reached 10% 1653 | -8/Materials | Core integrity fell below 50% 1695 | -8/Materials | Lost 18 parts (3p5n6u4w) 2744 | -8/Materials | Core integrity fell below 20% 2818 | -8/Materials | Lost 8 parts (1p4n1u2w) 2831 | -8/Materials | Destroyed by G-47 Trooper with Particle Gun Last Messages --------------- 02787_ Imp. Light Armor Plating destroyed. 02789_ Acquired 5 matter. 02794_ Acquired Adv. Targeting Computer. 02796_ Discarded Target Analyzer. 02797_ System corrupted: Energy discharge (-28). 02797_ Acquired Adv. Targeting Computer. 02799_ Acquired Field Laser. 02812_ G-47 Trooper heat short circuits Aluminum Leg. 02814_ Particle Gun melted. 02814_ Imp. Heat Sink melted. 02814_ G-47 Trooper destroyed. 02817_ G-47 Trooper suffers critical hit (Burn). 02822_ G-47 Trooper heat damages Imp. Heat Sink. 02822_ Critical hit (Burn: +37). 02823_ Destroyed Imp. Heat Sink. 02823_ Particle Gun melted. 02823_ Aluminum Leg melted. 02823_ G-47 Trooper destroyed. 02824_ U-05 Engineer builds a Door. 02826_ System corrupted: Field Laser failed to cycle. Map ----- +----------------------------------------------------+ | ?????????# ?T" ??????????# + + #???? | | ?????????# ?"" ??????????# # # ! #???? | | ????????? ?? ??????????# # #########???? | | ?????????? ???? ??????????# # #???????????? | | ??????????????????##??????????# # #???????????? | | ??????????????????????????????# # #???????????? | | ??????????????????????????????# # #???????????? | | ??????????????????????????????###### #???????????? | | ???????????????????????????????#####+#####???????? | | ???????????????????????????????# #??????#? | | ???????????????????????????????# """ """ #??????"# | | ???????????????????????????????# """ """ ###+###"# | | ???????????????????????????????# """ """ + %! # | | ???????????????????????????????# """ """ # ! # | | ???????????????????????????????# """ """ #! """ + | | ????????????????????????????????? # """ # | | ????????????????????????????????? = | # """ # | | ?????????????????????????????????+######## | | ????????????????????????????????? ???????# | | ????????????????????????????????# #????###+#### # | | ????????????????????????????????# #????# # # | | ????????????????????????????????# #????# # # | | ????????????????????????????????# ##???# """ # # | | ????????????????????##########??# ????+ """ #% # | | ????????????????????# [[ #??# #????# """ /%%+ | | ????????????????????# @ #### ###??# " # | | ????????????????????# # #??######## # | | ????????????????????# %# #########" | | ????????????????????# %g% | | ????????????????????# *#= T | | ????????????????????# # ########## | | ????????????????????# # #????????##### | | ????????????????????# ########????????????? | | ????????????????????##########???????????????????? | | ?????????????????????????????????????????????????? | | ?????????????????????????????????????????????????? | | | | | | | | | | | | | | | | | | | | | | | | | | | | | +----------------------------------------------------+ Best States ------------- Heat Dissipation 45 Energy Generation 14 Energy Capacity 265 Matter Stores 300 Matter Capacity 300 Sight Range 18 Terrain Scan Range 16 Terrain Scan Density 10 Armor Coverage 150 Utility Shielding 33 Evasion (%) 55 Targeting Accuracy 16 Target Analysis 7 Salvage Targeting 1 Item Schematics ----------------- None Robot Schematics ------------------ None Fabricated ------------ Nothing Alien Tech Used ----------------- None Achievements -------------- None Challenges ------------ None Game ------ Seed DisposableArmorInterpreter Manual? 0 Play Time 00:25:55 Cumulative 63.5 hours Start 2024.04.07 @ 17:59:16 End 2024.04.07 @ 18:23:35 Sessions 1 Manual Loads 0 Difficulty Rogue Special Mode None Game No. 144 Rogue 144 Adventurer 0 Explorer 0 Win Type - Total 0 Types 0/0/0/0/0/0/0/0/0 Lore% 27 Gallery% 41 Achievement% 31 Wizard Run 0 Options --------- Layout 0 ASCII 0 Keyboard 1 Movement Numpad Keybinds 0 Fullscreen 1 Font 24/Terminus Map View 76x50 Zoom Use 0% Tactical HUD 1 Map Filters NONE Filters NONE Steam 1 RUN: 613aed92-c31c-4948-ae7c-c20f53b2880d